 Dungeon Crawl Stone Soup version 0.21.1-1-g345015f (webtiles) character file.

6 npr the Grave Robber (level 1, 0/15 HPs)
             Began as a Deep Dwarf Necromancer on Mar 20, 2018.
             Slain by a hobgoblin
             ... wielding a +0 club
              (5 damage)
             ... on level 2 of the Dungeon.
             The game lasted 00:04:28 (171 turns).

npr the Grave Robber (Deep Dwarf Necromancer)        Turns: 171, Time: 00:04:28

Health: 0/15       AC:  2    Str: 13    XL:     1   Next: 75%
Magic:  0/3        EV: 12    Int: 15    God:
Gold:   6          SH:  0    Dex: 13    Spells: 2/3 levels left

rFire    . . .     SeeInvis .   f - +0 hunting sling
rCold    . . .     Gourm    .   (no shield)
rNeg     . . .     Faith    .   a - +0 robe
rPois    .         Spirit   .   (no helmet)
rElec    .         Reflect  .   (no cloak)
rCorr    .         Harm     .   (no gloves)
MR       .....                  (no boots)
Stlth    ++........             (no amulet)
HPRegen  0.00/turn              d - +2 ring of strength
MPRegen  0.08/turn              (no ring)

@: non-regenerating
A: damage resistance, heal wounds, sense surroundings 1, no regeneration
a: Heal Wounds


You were on level 2 of the Dungeon.
You were full.

You visited 1 branch of the dungeon, and saw 2 of its levels.

You collected 6 gold pieces.

Inventory:

Hand Weapons
 f - a +0 hunting sling (weapon)
Missiles
 e - 2 curare-tipped needles (quivered)
 g - 52 stones
Armour
 a - a +0 robe (worn)
Jewellery
 d - a +2 ring of strength (left hand)
Scrolls
 h - 3 scrolls of teleportation {unknown}
Potions
 i - a potion of cancellation {unknown}
Books
 b - a book of Necromancy

   Spells                             Type                      Level
   a - Pain                           Necromancy                   1
   b - Animate Skeleton               Necromancy                   1
   c - Vampiric Draining              Necromancy                   3
   d - Regeneration                   Charms/Necromancy            3
   e - Animate Dead                   Necromancy                   4
   f - Borgnjor's Vile Clutch         Necromancy/Earth             5


   Skills:
 + Level 2.2 Dodging
 + Level 2.4 Stealth
 + Level 1.7 Spellcasting
 + Level 4.7 Necromancy


You had 2 spell levels left.
You knew the following spells:

 Your Spells              Type           Power        Failure   Level  Hunger
a - Pain                  Necr           ###.         3%          1    ##.....


Dungeon Overview and Level Annotations

Branches:
Dungeon (2/15)

Altars:
Elyvilon


Innate Abilities, Weirdness & Mutations

You are resistant to damage.
You can heal yourself by infusing magical energy.
You passively map a small area around you.
You do not regenerate.


Message History

The goblin hits you with a club. The hobgoblin hits you with a club.
Really attack while wielding your +0 hunting sling?
Okay, then.
Wield which item (- for none, * to show all)? (? for menu, Esc to quit)
Okay, then.
Casting: Pain
Confirm with . or Enter, or press ? or * to list all spells.
Aiming: Pain
Press: ? - help, Shift-Dir - straight line, f/p - hobgoblin
Aim: a hobgoblin, wielding a club (moderately wounded, chance to defeat MR: 85%)
The hobgoblin writhes in agony!
The goblin closely misses you. The hobgoblin misses you.
Really attack while wielding your +0 hunting sling?
You clumsily bash the hobgoblin but do no damage.
The hobgoblin is severely wounded.
The goblin hits you with a club. The hobgoblin hits you with a club.
The goblin hits you with a club.
You eat the ration.
That ration really hit the spot!
The hobgoblin hits you with a club.
You die...

# .... #...# . , #.., ##...#
....#.., ,..."# .........
##...# * ##..#.#.# ###(..###
....#.#.# #≈≈(..≈≈#
##..#.#.# ##≈..♣..≈##
##..#.#.###..r(g....## *** ,
##..#.#.##...♣.g@♣...# * .
......#.............†###....
##..#......#≈..♣..≈#........
....#.#.#..#≈≈...≈≈####.....
##......#..###...### ....
##.#.###..# ##.##,* , #..
#.#......# #..., # *
#.######.#* ####. * #.# #..
, ,


You could see a hobgoblin, a goblin and a neutral quokka (wandering).

Vanquished Creatures
  A dart slug (D:2)
  A leopard gecko (D:2)
  A bat (D:2)
  A kobold (D:1)
4 creatures vanquished.

Notes
Turn   | Place    | Note
-------+----------+-------------------------------------------
     0 | D:1      | npr the Deep Dwarf Necromancer began the quest for the Orb.
     0 | D:1      | Reached XP level 1. HP: 15/15 MP: 3/3
   126 | D:2      | Found a white marble altar of Elyvilon.
   171 | D:2      | Slain by a hobgoblin

Action                   || total
-------------------------++-------
Melee: Unarmed           ||     8
       Hunting sling     ||     1
Throw: Stone             ||     3
 Cast: Pain              ||     6
 Stab: Sleeping          ||     1
  Eat: Ration            ||     1
Armor: Robe              ||     1
Dodge: Dodged            ||    11
